Map: Cactus Valley LE (Void)

Players

Musumeci

  • Race: Zerg Zerg
  • League: Diamond
  • Spawn Location: 5:00

Apfelsau - Winner!

  • Race: Zerg Zerg
  • League: Diamond
  • Spawn Location: 1:00

VOD

Have the link to the VOD?

Description

Time

  • Played on: April 3, 2017, 2:20 p.m.
  • Length: 8:57
Show
View Real Time Build Order
Export as new Build Order

Musumeci Zerg 

Build Orders: Hatch First, Zergling Baneling 

Get SALT Encoding   

  12  0:01  Drone  
  13  0:10  Drone  
  14  0:17  Overlord  
  14  0:23  Drone, Extractor  
  15  0:36  Drone x2  
  17  0:54  Hatchery  
  17  0:56  Drone  
  17  1:12  Spawning Pool  
  17  1:14  Extractor  
  17  1:16  Drone  
  16  1:20  Drone  
  16  1:24  Drone  
  18  1:27  Drone  
  19  1:38  Overlord  
  19  1:48  Overlord  
  19  2:01  Queen  
  19  2:02  Zergling x2  
  22  2:13  Queen  
  22  2:14  Drone x2  
  26  2:17  Drone  
  26  2:21  Drone  
  28  2:35  Metabolic Boost  
  28  2:36  Queen  
  28  2:44  Drone x2  
  32  2:45  Drone x2  
  33  3:11  Drone x8  
  41  3:14  Baneling Nest  
  40  3:30  Drone  
  40  3:33  Zergling x6  
  44  3:37  Overlord  
  44  3:38  Overlord  
  44  3:58  Baneling x2  
  44  4:01  Overlord  
  44  4:04  Baneling, Zergling x2  
  44  4:05  Zergling x12  
  46  4:35  Hatchery  
  44  4:44  Drone x9  
  50  4:47  Baneling x3  
  50  4:51  Baneling x2  
  50  5:00  Lair, Extractor  
  50  5:03  Drone x2, Extractor  
  50  5:04  Extractor  
  47  5:24  Zergling x12  
  46  5:51  Zergling x20  
  53  6:11  Zergling x18  
  45  6:31  Drone x7  
  52  6:35  Baneling x2  
  52  6:43  Zergling x12  
  51  7:08  Zergling x14  
  53  7:12  Spire  
  51  7:16  Baneling x2  
  43  7:23  Baneling x2  
  43  7:27  Evolution Chamber  
  43  7:29  Evolution Chamber  
  40  7:30  Evolution Chamber  
  40  7:31  Evolution Chamber  
  36  7:41  Evolution Chamber  
  33  7:47  Zergling x12  
  34  8:03  Queen  
  34  8:05  Queen  
  38  8:10  Baneling x3  
  36  8:14  Baneling x4  
  17  8:27  Mutalisk x3  
Show
View Real Time Build Order
Export as new Build Order

Apfelsau Zerg - Winner!

Build Orders: Pool First, Zergling Baneling 

Get SALT Encoding   

  12  0:01  Drone  
  13  0:12  Overlord  
  13  0:17  Drone  
  14  0:24  Drone, Extractor  
  15  0:31  Drone  
  15  0:34  Drone  
  17  0:48  Spawning Pool  
  16  0:50  Drone  
  16  0:55  Extractor  
  16  0:56  Drone  
  17  1:18  Hatchery  
  17  1:20  Drone  
  17  1:25  Drone  
  18  1:29  Drone  
  19  1:38  Queen  
  21  1:45  Overlord  
  21  1:49  Drone  
  22  2:04  Zergling x2  
  23  2:10  Metabolic Boost  
  23  2:11  Zergling x2  
  24  2:21  Zergling x2  
  25  2:32  Drone x2  
  27  2:41  Drone  
  27  2:43  Hatchery, Drone  
  28  2:46  Drone x2  
  28  2:48  Drone  
  31  2:51  Drone  
  31  2:55  Drone  
  33  3:05  Drone, Baneling Nest  
  32  3:06  Drone  
  33  3:13  Overlord  
  33  3:16  Drone  
  34  3:24  Drone  
  35  3:32  Zergling x4  
  35  3:33  Zergling x2  
  38  3:34  Overlord  
  38  3:40  Zergling x2  
  39  3:48  Baneling  
  39  3:49  Baneling x3  
  39  3:52  Overlord  
  39  3:53  Zergling x2  
  40  4:00  Zergling x2  
  40  4:01  Zergling x2  
  40  4:02  Zergling x2  
  43  4:05  Queen  
  43  4:06  Queen  
  43  4:07  Drone x2  
  49  4:15  Drone  
  49  4:16  Drone  
  51  4:17  Drone  
  51  4:18  Drone  
  52  4:30  Zergling x10  
  57  4:31  Overlord  
  57  4:33  Baneling  
  57  4:34  Baneling  
  57  4:44  Zergling x6  
  57  4:49  Baneling  
  57  4:50  Baneling  
  58  4:52  Drone  
  58  4:53  Drone  
  58  4:54  Drone  
  58  4:55  Baneling x2  
  58  4:58  Baneling x3  
  58  4:59  Baneling x3  
  60  5:00  Overlord  
  60  5:01  Zergling x4  
  60  5:02  Zergling x4  
  64  5:10  Overlord  
  63  5:20  Zergling x16  
  68  5:25  Zergling x2  
  68  5:26  Zergling x8  
  71  5:34  Zergling x4  
  66  5:44  Zergling x4  
  66  5:45  Zergling x6  
  70  5:50  Zergling x2  
  70  5:51  Zergling x2  
  70  5:55  Baneling x5  
  70  6:01  Zergling x6  
  72  6:07  Zergling x4  
  69  6:12  Zergling x2  
  62  6:26  Zergling x8  
  65  6:34  Zergling x4  
  67  6:41  Zergling x22  
  67  6:43  Zergling x2  
  77  6:48  Baneling  
  77  6:49  Zergling x2  
  77  6:54  Zergling x4  
  77  7:03  Zergling x4  
  73  7:13  Zergling x8  
  73  7:14  Zergling x12  
  79  7:16  Baneling x5  
  76  7:23  Zergling x4  
  75  7:32  Zergling x4  
  72  7:38  Zergling x4  
  72  7:43  Zergling x2  
  72  7:57  Zergling x20  
  80  8:05  Extractor x2  
  69  8:18  Zergling x12  
  74  8:25  Zergling x14  
  74  8:26  Zergling x4  
  77  8:38  Zergling x6  
Tags
 
Add a new tag
Caveats
  • Supply blocks, unpowered buildings, or Contaminate may cause inaccurate times.
  • Supply counts are checked every 10 seconds.